 Dungeon Crawl Stone Soup version 0.27-a0-1331-g60ef6b6952 (webtiles) character file.

Game seed: 9638927263394182659

4237 Delamore the Spear-Bearer (level 10, -3/74 HPs)
             Began as a Formicid Fighter on June 25, 2021.
             Was an Initiate of Gozag.
             Killed from afar by a centaur (12 damage)
             ... with a bolt of acid
             ... on level 9 of the Dungeon.
             The game lasted 00:11:48 (11096 turns).

Delamore the Spear-Bearer (Formicid Fighter)       Turns: 11096, Time: 00:11:48

Health: -3/74      AC: 11    Str: 29    XL:     10   Next: 55%
Magic:  0/10       EV:  9    Int:  8    God:    Gozag
Gold:   699        SH: 12    Dex: 10    Spells: 9/9 levels left

rFire    . . .     SeeInvis +   y - +3 halberd (freeze)
rCold    . . .     Faith    .   c - +1 kite shield
rNeg     . . .     Spirit   +   b - +0 scale mail
rPois    .         Reflect  .   (helmet unavailable)
rElec    .         Harm     .   v - +2 cloak {Will+}
rCorr    .         Rampage  .   (no gloves)
Will     ++...                  o - +0 pair of boots "Umuklatz" {Str+5}
Stlth    ..........             s - amulet of guardian spirit
HPRegen  0.22/turn              (no ring)
MPRegen  0.12/turn              (no ring)

@: no status effects
A: permanent stasis, dig shafts and tunnels, antennae 3, four strong arms
a: Dig, Shaft Self, Renounce Religion, Potion Petition, Call Merchant, Bribe
Branch


You were on level 9 of the Dungeon.
You worshipped Gozag.
Gozag was pleased with you.
You visited 1 branch of the dungeon, and saw 9 of its levels.
You also visited: Sewer.

You collected 2310 gold pieces.
You spent 955 gold pieces at shops.
You paid 656 gold pieces to Gozag.

Inventory:

Hand Weapons
 a - a +0 trident of flaming
 y - a +3 halberd of freezing (weapon)
Missiles
 g - 17 boomerangs (quivered)
 m - 41 poisoned darts
 q - 3 javelins
 D - a curare-tipped dart
Armour
 b - a +0 scale mail (worn)
 c - a +1 kite shield (worn)
 o - the +0 pair of boots "Umuklatz" (worn) {Str+5}
   (You bought it in a shop on level 3 of the Dungeon)

   It affects your strength (+5).
 v - a +2 cloak of willpower (worn)
Jewellery
 s - an amulet of guardian spirit (around neck)
Wands
 p - a wand of paralysis (4)
 u - a wand of flame (13)
 w - a wand of acid (6)
 E - a wand of digging (3)
Scrolls
 e - a scroll of summoning {unknown}
 f - a scroll of silence
 l - 2 scrolls of fog
 t - a scroll of fear
 x - 6 scrolls of teleportation
 C - a scroll of identify
Potions
 d - 3 potions of might
 h - 3 potions of flight
 i - 3 potions of lignification
 j - a potion of berserk rage
 k - 2 potions of mutation
 n - a potion of invisibility
 r - 3 potions of degeneration
 z - 2 potions of resistance
 A - 2 potions of heal wounds
 B - a potion of attraction {unknown}


   Skills:
 - Level 5.0 Fighting
 * Level 12.7 Polearms
 - Level 3.2 Armour
 + Level 6.2 Shields
 + Level 4.4 Evocations


You had 9 spell levels left.
You didn't know any spells.
Your spell library contained the following spells:

 Spells                   Type           Power      Damage    Failure   Level
 Animate Skeleton         Necr           0%         N/A       86%         1
 Foxfire                  Conj/Fire      0%         2x1d4     86%         1
 Pain                     Necr           0%         1d4       86%         1
 Sandblast                Erth           0%         2d4       86%         1
 Corpse Rot               Necr/Air       N/A        N/A       94%         2
 Passwall                 Tmut/Erth      0%         N/A       94%         2
 Sublimation of Blood     Necr           0%         N/A       94%         2
 Conjure Flame            Conj/Fire      0%         6-21      99%         3
 Inner Flame              Hex/Fire       0%         N/A       99%         3
 Stone Arrow              Conj/Erth      0%         3d7       99%         3
 Vampiric Draining        Necr           0%         2d6       99%         3
 Animate Dead             Necr           0%         N/A       100%        4
 Petrify                  Tmut/Erth      0%         N/A       100%        4
 Sticky Flame             Conj/Fire      0%         2d3       100%        4
 Agony                    Necr           0%         N/A       100%        5
 Fireball                 Conj/Fire      0%         3d3       100%        5
 Lee's Rapid Deconstruct  Erth           0%         3d5*      100%        5


Dungeon Overview and Level Annotations

Branches:
Dungeon (9/15)             Temple (0/1) D:4           Sewer (visited)
   Lair: D:8-11         Orc: D:9-12

Altars:
Dithmenos
Gozag
Hepliaklqana
Kikubaaqudgha
Ru
Uskayaw
Xom

Shops:
D:3 :(?[*   D:5 [   D:6 [   D:9 [


Innate Abilities, Weirdness & Mutations

You cannot be hasted, slowed, berserked, paralysed or teleported.
You can dig through walls and to a lower floor.
You have a pair of large antennae on your head. (SInv)
Your four strong arms can wield two-handed weapons with a shield.


Message History

You are too injured to fight recklessly!
You are too injured to fight recklessly!
You are too injured to fight recklessly!
You are too injured to fight recklessly!
You are too injured to fight recklessly!
You are too injured to fight recklessly!
You are too injured to fight recklessly!
You are too injured to fight recklessly!
You are too injured to fight recklessly!
The kobold brigand shouts!
The centaur is distracted by your dazzling golden aura.
Items here: ! $ ) [.
The centaur wields a +0 shortbow.
The centaur shoots an arrow.
The arrow barely misses you.
You hear a shout!
Things that are here:
14 gold pieces; a potion of might The centaur is no longer distracted by gold.
The centaur shoots an arrow.
The arrow hits you!
The centaur shoots an arrow.
The arrow hits you!
* * * LOW HITPOINT WARNING * * *
The centaur shoots an arrow.
You block the arrow.
The centaur shoots an arrow.
You block the arrow.
The centaur zaps a wand.
The bolt of acid hits you!
* * * LOW HITPOINT WARNING * * *
You are splashed with acid.
* * * LOW HITPOINT WARNING * * *
You feel much better.
The centaur shoots an arrow.
The arrow barely misses you.
The centaur shoots an arrow.
The arrow hits you.
* * * LOW HITPOINT WARNING * * *
The centaur shoots an arrow.
You block the arrow.
The centaur shoots an arrow.
The arrow hits you.
* * * LOW HITPOINT WARNING * * *
The centaur shoots an arrow.
You block the arrow.
The centaur shoots an arrow.
The arrow hits you.
* * * LOW HITPOINT WARNING * * *
Items here: ))))) [[[.
The centaur zaps a wand.
The bolt of acid hits you!
You die...
Your body crumbles into a pile of gold.

#.####.#.##......#.c.#
#........##.###.##c#.#
######.####.# #.##...#
#.# #∩###.##.### #.#
#.##..#{.# ####.#
#.##.##c##
##.##.####.......##
####.......#####.#...###
+.............@)).......+
####...#.#.#####.#...####
##..#.#.# #.##.##
#....#.# ...### #).###.#
#.#.# #### #).# #.# #. .#
...# #.)###.# ## .# ##.#
#......# .#
.).####.######


You could see a centaur.

Vanquished Creatures
  A centaur zombie (D:5)
  Psyche (D:8)
  A troll (D:9)
  A steam dragon (D:6)
  A water moccasin (D:5)
  An ice beast (D:7)
  A two-headed ogre skeleton (D:5)
  7 orc warriors
  2 sky beasts
  3 ogres
  3 centaurs
  A manticore skeleton (D:4)
  2 necrophages (D:5)
  3 phantoms (D:5)
  2 kobold brigands
  A bullfrog (D:6)
  A wyvern skeleton (D:7)
  2 yak zombies (D:4)
  8 wights
  4 howler monkeys
  A bullfrog zombie (D:3)
  Crazy Yiuf (D:5)
  A bullfrog skeleton (D:5)
  A centaur skeleton (D:5)
  5 hounds
  6 orc priests
  A jelly (D:8)
  4 iguanas
  Jessica (D:2)
  4 orc wizards
  A killer bee zombie (D:3)
  An acid dragon zombie (D:5)
  A sky beast zombie (D:5)
  2 kobold skeletons (D:4)
  Robin (D:3)
  2 howler monkey skeletons
  8 adders
  A river rat (D:6)
  3 orc skeletons
  A shadow imp (D:6)
  A white imp (D:5)
  2 ufetubi
  A worm zombie (Sewer)
  2 adder zombies
  2 adder skeletons (D:4)
  7 worms
  2 dart slugs (D:1)
  30 orcs
  10 ball pythons
  2 bat zombies
  6 endoplasms
  5 giant cockroaches
  A gnoll zombie (D:3)
  17 goblins
  6 hobgoblins
  14 jackals
  16 kobolds
  6 quokkas
  A ball python zombie (Sewer)
  14 bats
  5 frilled lizards
  2 frilled lizard zombies
  A gnoll skeleton (D:5)
  A goblin skeleton (D:3)
  2 goblin zombies
  A hobgoblin zombie (D:5)
  6 orc zombies
  A quokka skeleton (D:4)
  A quokka zombie (Sewer)
  8 rats
  2 rat zombies (D:5)
267 creatures vanquished.

Vanquished Creatures (others)
  An orc wizard (D:3)
  An adder (D:3)
  A worm (D:3)
  2 orcs
  An endoplasm (D:3)
  A kobold (D:3)
  A rat (D:3)
8 creatures vanquished.

Grand Total: 275 creatures vanquished

Notes
Turn   | Place    | Note
-------+----------+-------------------------------------------
     0 | D:1      | Delamore the Formicid Fighter began the quest for the Orb.
     0 | D:1      | Reached XP level 1. HP: 18/18 MP: 1/1
    90 | D:1      | Reached XP level 2. HP: 24/24 MP: 2/2
   607 | D:1      | Reached XP level 3. HP: 30/30 MP: 3/3
   696 | D:1      | Reached skill level 3 in Polearms
   774 | D:1      | Found a faded altar of an unknown god.
  1012 | D:1      | Became a worshipper of Kikubaaqudgha
  1012 | D:1      | Reached * piety under Kikubaaqudgha
  1012 | D:1      | Received a gift from Kikubaaqudgha
  1132 | D:2      | Reached XP level 4. HP: 6/37 MP: 4/4
  1522 | D:2      | Noticed Jessica
  1528 | D:2      | Killed Jessica
  1595 | D:2      | Reached skill level 4 in Polearms
  1658 | D:2      | Reached XP level 5. HP: 14/42 MP: 5/5
  2121 | D:3      | Found an opulent altar of Gozag.
  2123 | D:3      | Found a hide-covered altar of Uskayaw.
  2142 | D:3      | Fell from the grace of Kikubaaqudgha
  2142 | D:3      | Became a worshipper of Gozag Ym Sagoz the Greedy
  2552 | D:3      | Found Omawuerch's Antique Armour Boutique.
  2557 | D:3      | Found a shimmering altar of Xom.
  2813 | D:3      | Found Maeff's Magic Scroll Shoppe.
  2847 | D:3      | Noticed Robin
  2864 | D:3      | Killed Robin
  3303 | D:3      | Found Inaenaze's Assorted Antiques.
  3316 | D:3      | Bought a cyan potion for 24 gold pieces
  3316 | D:3      | Bought a blue potion for 24 gold pieces
  3316 | D:3      | Bought a scroll labelled FODOBU VUKKURY for 27 gold pieces
  3339 | D:3      | Found a hazy altar of Hepliaklqana.
  3358 | D:3      | Reached XP level 6. HP: 21/49 MP: 6/6
  3689 | D:3      | Found Raezusk's Book Shoppe.
  3749 | D:4      | Found a staircase to the Ecumenical Temple.
  3767 | D:4      | Reached skill level 5 in Polearms
  3938 | D:4      | Reached skill level 5 in Fighting
  4046 | D:4      | HP: 2/51 [yak zombie[the malice of Kikubaaqudgha] (9)]
  4780 | D:4      | Found a shadowy altar of Dithmenos.
  5010 | D:3      | Bought a pair of scorched boots for 256 gold pieces
  5010 | D:3      | Identified the +0 pair of boots "Umuklatz" {Str+5} (You
                  | bought it in a shop on level 3 of the Dungeon)
  5049 | D:5      | Entered Level 5 of the Dungeon
  5049 | D:5      | Noticed a water moccasin
  5062 | D:5      | Killed a water moccasin
  5063 | D:5      | Reached skill level 6 in Polearms
  5063 | D:5      | Reached XP level 7. HP: 24/56 MP: 7/7
  5414 | D:5      | Reached skill level 7 in Polearms
  5709 | D:5      | Reached skill level 8 in Polearms
  5709 | D:5      | Reached XP level 8. HP: 41/62 MP: 8/8
  6103 | D:5      | Reached skill level 9 in Polearms
  6485 | D:5      | Found Pall's Antique Armour Shop.
  6760 | D:5      | Found a runed translucent door.
  6761 | D:5      | Noticed Crazy Yiuf
  6770 | D:5      | Killed Crazy Yiuf
  6781 | D:5      | Identified the +2 mace of Defilement {antimagic, rN++ Int+2
                  | Dex-5}
  6824 | D:5      | Reached skill level 10 in Polearms
  6824 | D:5      | Reached XP level 9. HP: 57/68 MP: 9/9
  6964 | D:4      | HP: 3/61 [wight (6)]
  7220 | D:6      | Found a glowing drain.
  7240 | Sewer    | Entered a sewer
  7858 | Sewer    | Was forgiven by Kikubaaqudgha
  8381 | D:6      | Reached skill level 11 in Polearms
  8429 | D:6      | Found Toimm's Antique Armour Boutique.
  8497 | D:6      | Found a sacrificial altar of Ru.
  8661 | D:6      | Found an ancient bone altar of Kikubaaqudgha.
  8827 | D:3      | Bought a scroll of acquirement for 624 gold pieces
  8827 | D:3      | Acquired 658 gold pieces
  9280 | D:7      | Reached skill level 1 in Evocations
 10163 | D:8      | Reached XP level 10. HP: 70/74 MP: 8/10
 10204 | D:8      | Reached skill level 12 in Polearms
 10305 | D:8      | Noticed Psyche
 10309 | D:8      | Killed Psyche
 10310 | D:8      | Reached skill level 5 in Shields
 11015 | D:9      | Found Xoucug's Armour Shoppe.
 11088 | D:9      | HP: 3/74 [acid (5)]
 11096 | D:9      | Killed from afar by a centaur

Illustrated notes

Levels and vault maps discovered:
D:1:      dpeg_arrival_tiny_a, layout_loops_ring, ebering_ecumenical_altar_rust,
          nrook_mini_backslash
D:2:      layout_basic, uniq_jessica
D:3:      layout_rooms, lemuel_round_altar,
          chequers_temple_overflow_statue_of_worship, xom_confusion_cloud,
          serial_shops, nicolae_shop_crystal, nicolae_square_shop,
          nicolae_diamond_shop, nicolae_shop_trees, uniq_robin
D:4:      layout_cave_pools, nicolae_dithmenos_through_a_glass_darkly,
          minmay_temple_entry_large_hall
D:5:      layout_basic, serial_shops, shop, uniq_crazy_yiuf_cottage
D:6:      layout_rooms, kennysheep_mini, nicolae_ru_awakened_eye, serial_shops,
          kennysheep_mini_moat, portal_sewer_entry_e
D:7:      layout_basic, serial_undead, serial_undead_f, serial_undead_c,
          serial_undead_d, serial_undead_f, serial_undead_e, serial_undead_c,
          patterned_corridor
D:8:      layout_basic, pdpol_wu_jian_five_deadly_venoms, minivault_4,
          uniq_psyche
D:9:      layout_loops_corners, orc_0_dummy, serial_shops, shop,
          hangedman_minor_gate_pass

Skill      XL: |  1  2  3  4  5  6  7  8  9 10 |
---------------+-------------------------------+-----
Polearms       | 3 4 6 8 10 11 12 | 12.7
Fighting       | 4 5 |  5.0
Shields        | 4 6 |  6.2
Evocations     | 2 4 |  4.4
Armour         | |  3.2

Action                   |  1- 3 |  4- 6 |  7- 9 | 10-12 || total
-------------------------+-------+-------+-------+-------++-------
Melee: Trident           |   120 |   379 |   415 |       ||   914
       Halberd           |       |       |    39 |   117 ||   156
Throw: Boomerang         |       |     6 |     3 |       ||     9
Invok: Call Merchant     |       |       |     1 |       ||     1
 Abil: Dig               |       |     8 |     8 |       ||    16
Evoke: Wand              |       |       |     2 |       ||     2
  Use: Scroll            |       |     8 |    11 |       ||    19
       Potion            |       |       |     3 |     1 ||     4
 Stab: Confused          |       |     2 |       |       ||     2
       Paralysed         |       |       |     1 |       ||     1
Armor: Scale mail        |    46 |   143 |   149 |    33 ||   371
Dodge: Dodged            |    41 |   108 |   128 |    21 ||   298
Block: Kite shield       |    64 |   179 |   241 |    57 ||   541

Table legend: (Time is in decaauts)
 A = Elapsed time spent in this place.
 B = Non-inter-level travel time spent in this place.
 C = Inter-level travel time spent in this place.
 D = Time resting spent in this place.
 E = Time spent auto-exploring this place.
 F = Levels seen in this place.
 G = Mean time per level.
                   A        B        C        D        E       F      G
               +--------+--------+--------+--------+--------+-----+--------+
         Total |  11439 |  10921 |    518 |   1745 |   6963 |  10 | 1143.9 |
       Dungeon |  10281 |   9763 |    518 |   1562 |   6236 |   9 | 1142.3 |
         Sewer |   1157 |   1157 |      0 |    183 |    726 |   1 | 1157.0 |
               +--------+--------+--------+--------+--------+-----+--------+

Top non-repeatable levels by time:
     D:3: 2030 daAuts
     D:5: 1914 daAuts
     D:4: 1307 daAuts
     D:7: 1217 daAuts
   Sewer: 1157 daAuts
     D:2: 1115 daAuts
     D:1: 1059 daAuts
     D:8: 694 daAuts
     D:6: 634 daAuts
     D:9: 307 daAuts
